 Dungeon Crawl Stone Soup version 0.29.1-15-g9cfb28693d (webtiles) character file.

Game seed: 14102677926451991695

123 vishdafish the Conjurer (level 4, -3/30 HPs)
             Began as a Demonspawn Conjurer on Mar 29, 2023.
             Slain by a centaur (5 damage)
             ... on level 5 of the Dungeon.
             The game lasted 00:03:25 (2954 turns).

vishdafish the Conjurer (Demonspawn Conjurer)       Turns: 2954, Time: 00:03:26

Health: -3/30      AC:  9    Str:  7    XL:     4   Next: 80%
Magic:  9/9        EV: 12    Int: 22    God:
Gold:   76         SH:  4    Dex: 11    Spells: 8/9 levels left

rFire   . . .      SeeInvis .   h - +0 short sword (protect)
rCold   . . .      Faith    .   (no shield)
rNeg    . . .      Spirit   .   a - +0 robe
rPois   .          Reflect  .   (no helmet)
rElec   .          Harm     .   (no cloak)
rCorr   .          Rampage  .   (no gloves)
Will    .....                   (no boots)
Stlth   +.........              (no amulet)
HPRegen 0.10/turn               (no ring)
MPRegen 0.11/turn               (no ring)

@: brilliant, silenced, under a protective aura
A: large bone plates 1, powered by death 1
a: no special abilities


You were on level 5 of the Dungeon.
You visited 1 branch of the dungeon, and saw 5 of its levels.

You collected 76 gold pieces.

Inventory:

Hand Weapons
 h - a +0 short sword of protection (weapon)
Armour
 a - a +0 robe (worn)
Jewellery
 j - a ring of ice
 k - a ring of fire
 m - a ring of protection from fire
Scrolls
 e - a scroll of identify
 f - a scroll of fear
 i - a scroll of immolation {unknown}
 l - a scroll of teleportation {unknown}
 n - a scroll of poison {unknown}
 o - a scroll of enchant weapon {unknown}
Potions
 b - a potion of magic


   Skills:
 - Level 1.9 Dodging
 - Level 2.0 Stealth
 + Level 3.4 Spellcasting
 + Level 5.1 Conjurations


You had 8 spell levels left.
You knew the following spells:

 Your Spells              Type           Power      Damage    Failure   Level
a - Magic Dart            Conj           100%       1d8       1%          1

Your spell library contained the following spells:

 Spells                   Type           Power      Damage    Failure   Level
 Searing Ray              Conj           78%        2d7       2%          2
 Dazzling Flash           Conj/Hex       44%        N/A       12%         3
 Blink                    Tloc           10%        N/A       19%         2
 Lesser Beckoning         Tloc           5%         N/A       34%         3
 Fulminant Prism          Conj/Hex       11%        3d9       38%         4
 Iskenderun's Mystic Bla  Conj/Tloc      22%        2d6       38%         4
 Manifold Assault         Tloc           5%         N/A       97%         5


Dungeon Overview and Level Annotations

Branches:
Dungeon (5/15)
 Temple: D:4-7

Altars:

Annotations:
D:3 Terence


Innate Abilities, Weirdness & Mutations

You are partially covered in large bone plates. (SH +4)
You regenerate a little health from kills.


Message History

Okay, then.
You cannot cast spells when silenced!
You hit the centaur.
Your weapon exudes an aura of protection.
The centaur is lightly wounded.
You block the centaur's attack.
The centaur kicks you but does no damage.
The centaur completely misses you. The centaur closely misses you.
You closely miss the centaur.
The centaur is lightly wounded.
You block the centaur's attack.
The centaur kicks you but does no damage.
The centaur hits you.
* * * LOW HITPOINT WARNING * * *
The centaur barely misses you.
You hit the centaur.
The centaur is lightly wounded.
You block the centaur's attack. x2
You hit the centaur but do no damage.
The centaur is lightly wounded.
The centaur hits you.
* * * LOW HITPOINT WARNING * * *
The centaur barely misses you.
The centaur hits you but does no damage.
The centaur barely misses you.
Okay, then.
You closely miss the centaur.
The centaur is lightly wounded.
You block the centaur's attack.
The centaur kicks you but does no damage.
The centaur barely misses you.
The centaur kicks you but does no damage.
You hit the centaur.
The centaur is moderately wounded.
The centaur closely misses you.
The centaur kicks you but does no damage.
You barely miss the centaur.
The centaur is moderately wounded.
The centaur hits you.
You die...

#...# ####..#
##..c..#
##......#
##.####### #..#
.. #o## #..#
#c# ..#. #@##
#..#
###..#######
#..#
#..........##
#...
#####.......###
#...##
##.........
#....##
##).####..
.....##..##
#..# #.o ##))##
##.# # ##..##
#.#


You could see an orc warrior and a centaur.

Vanquished Creatures
  A jelly (D:5)
  4 adders
  A dart slug (D:1)
  4 orcs (D:5)
  6 endoplasms
  A giant cockroach (D:1)
  2 goblins (D:1)
  7 hobgoblins
  3 jackals (D:4)
  3 kobolds
  A quokka (D:2)
  5 ball pythons
  5 bats
  4 frilled lizards
  5 rats
52 creatures vanquished.

Vanquished Creatures (others)
  17 plants (D:5)
17 creatures vanquished.

Grand Total: 69 creatures vanquished

Notes
Turn   | Place    | Note
-------+----------+-------------------------------------------
     0 | D:1      | vishdafish the Demonspawn Conjurer began the quest for the
                  | Orb.
     0 | D:1      | Reached XP level 1. HP: 13/13 MP: 3/3
   371 | D:1      | Gained mutation: You regenerate a little health from kills.
                  | [demonic ancestry]
   371 | D:1      | Reached XP level 2. HP: 19/19 MP: 1/5
  1440 | D:2      | Reached XP level 3. HP: 24/24 MP: 4/6
  2190 | D:2      | Gained mutation: You are partially covered in large bone
                  | plates. (SH +4) [demonic ancestry]
  2190 | D:2      | Reached XP level 4. HP: 30/30 MP: 6/8
  2391 | D:3      | Noticed Terence
  2736 | D:4      | Noticed a necrophage
  2754 | D:5      | Entered Level 5 of the Dungeon
  2763 | D:5      | Reached skill level 5 in Conjurations
  2934 | D:5      | Noticed an orc warrior
  2934 | D:5      | Noticed a centaur
  2951 | D:5      | HP: 1/30 [centaur (1)]
  2954 | D:5      | Slain by a centaur

Illustrated notes

Levels and vault maps discovered:
D:1:      lightli_iron_boxes, layout_basic, serial_glass, glass_columns_b,
          glass_columns_a
D:2:      layout_loops_ring
D:3:      layout_loops_cross, basic_ecumenical_altar, uniq_terence
D:4:      layout_basic, tso_oasis_becter
D:5:      layout_layer_cave, nicolae_grassy_gnolls

Skill      XL: |  1  2  3  4 |
---------------+-------------+-----
Stealth        | 2 |  2.0
Spellcasting   | 3 |  3.4
Conjurations   | 5 |  5.1
Dodging        | |  1.9

Action                   |  1- 3 |  4- 6 || total
-------------------------+-------+-------++-------
Melee: Unarmed           |    19 |       ||    19
       Short sword       |     3 |    15 ||    18
 Cast: Magic Dart        |    75 |    29 ||   104
  Use: Scroll            |       |     4 ||     4
       Potion            |       |     1 ||     1
 Stab: Sleeping          |       |     1 ||     1
Armor: Robe              |     6 |     8 ||    14
Dodge: Dodged            |    21 |    22 ||    43
Block: Other             |       |    10 ||    10
